Map: Abyssal Reef LE

Players

INnoVation

  • Race: Terran Terran
  • League: Grandmaster
  • Spawn Location: 5:00

Zest - Winner!

  • Race: Protoss Protoss
  • League: Master
  • Spawn Location: 11:00

VOD

https://www.youtube.com/watch?v=TJdxBqgsa3w&feature=youtu.be

Description

Time

  • Played on: Nov. 15, 2017, 7:18 a.m.
  • Length: 13:13
Show
View Real Time Build Order
Export as new Build Order

INnoVation Terran 

Build Orders: Reaper Expand, MMM Bio 

Get SALT Encoding   

  12  0:00  SCV  
  13  0:12  SCV  
  14  0:17  Supply Depot  
  14  0:24  SCV  
  15  0:38  SCV  
  15  0:39  Barracks  
  16  0:44  Refinery  
  16  0:50  SCV  
  17  1:02  SCV  
  18  1:15  SCV  
  19  1:27  Reaper, Orbital Command  
  20  1:40  Command Center  
  20  1:52  Barracks  
  20  1:55  SCV  
  20  2:00  Barracks Reactor  
  21  2:07  SCV  
  22  2:11  Supply Depot  
  22  2:19  SCV  
  22  2:20  Engineering Bay  
  23  2:33  SCV  
  23  2:36  Marine  
  23  2:37  Marine  
  25  2:39  Barracks Tech Lab  
  26  2:45  SCV  
  27  2:52  Orbital Command  
  27  2:57  SCV, Marine x2  
  30  3:00  Stimpack  
  30  3:02  Marine  
  31  3:09  SCV  
  31  3:10  Terran Infantry Weapons Level 1  
  31  3:14  Marine x2  
  31  3:16  Barracks  
  31  3:18  SCV  
  34  3:21  Marine  
  34  3:22  SCV  
  36  3:27  Supply Depot  
  36  3:32  Marine x2  
  36  3:33  SCV  
  39  3:34  SCV  
  39  3:39  Marine  
  41  3:42  Supply Depot  
  41  3:45  SCV  
  41  3:46  SCV  
  43  3:49  Bunker  
  43  3:51  Factory  
  43  3:53  Marine x2  
  45  3:58  Refinery, SCV x2  
  47  4:05  Barracks Tech Lab  
  47  4:06  Marine  
  48  4:10  Refinery, SCV  
  48  4:11  SCV  
  48  4:13  Marine x2  
  52  4:19  Missile Turret  
  52  4:23  SCV  
  52  4:24  SCV, Marine  
  54  4:28  Marine  
  56  4:31  Marine x2  
  56  4:35  Starport  
  56  4:38  Supply Depot, Factory Reactor  
  58  4:40  SCV  
  58  4:41  SCV  
  58  4:42  Marine  
  61  4:50  Marine  
  62  5:00  SCV x2, Marine x3  
  62  5:01  Supply Depot  
  62  5:03  Supply Depot  
  62  5:04  Terran Infantry Armor Level 1  
  67  5:08  Refinery  
  67  5:16  SCV x2  
  67  5:19  Supply Depot  
  69  5:22  Factory Reactor  
  69  5:23  Medivac x2, Supply Depot  
  69  5:24  Marine x2  
  69  5:25  Marine  
  69  5:26  Marine  
  77  5:31  Supply Depot, SCV x2  
  77  5:33  Combat Shields  
  79  5:41  Supply Depot, Marine  
  80  5:43  SCV x2  
  80  5:47  Concussive Shells  
  80  5:48  Marauder x2  
  80  5:49  Marine  
  87  5:53  Medivac  
  89  6:00  Medivac  
  89  6:05  Marine  
  89  6:07  Widow Mine, Marine  
  89  6:09  Marauder x2, Widow Mine  
  99  6:11  SCV x2  
  99  6:14  Supply Depot x2  
  100  6:25  Marine x2  
  101  6:30  Marauder  
  101  6:31  Marauder  
  104  6:32  Command Center  
  104  6:37  Widow Mine  
  104  6:38  Widow Mine  
  108  6:40  Medivac  
  108  6:41  Medivac  
  108  6:46  Marine  
  113  6:51  Marine  
  113  6:52  Marauder x2  
  118  6:57  Barracks  
  118  7:01  Barracks  
  118  7:02  Armory  
  114  7:12  Widow Mine x2  
  114  7:15  Marauder x2, Marine x2  
  120  7:17  Medivac  
  120  7:20  Medivac  
  113  7:33  SCV, Marine x2  
  113  7:34  SCV  
  113  7:37  Marauder x2  
  119  7:41  Widow Mine x2  
  119  7:46  Orbital Command  
  119  7:48  SCV x2  
  119  7:50  Barracks Reactor  
  119  7:51  Barracks Tech Lab  
  121  7:53  Terran Infantry Weapons Level 2  
  121  7:56  Marine x2  
  123  8:00  Marauder x2  
  123  8:02  SCV x2  
  129  8:09  Widow Mine x2  
  129  8:11  Refinery  
  133  8:12  Refinery  
  133  8:13  SCV  
  133  8:14  SCV x2  
  133  8:19  Supply Depot  
  136  8:21  Supply Depot  
  136  8:22  Marauder x2  
  136  8:23  Marauder  
  136  8:26  Marine x2  
  144  8:27  Marine x2  
  144  8:33  Ghost Academy  
  146  8:37  SCV x3  
  146  8:40  Widow Mine x2  
  153  8:42  Supply Depot  
  153  8:49  Medivac x2  
  153  8:51  Engineering Bay  
  153  8:53  Marauder x3  
  163  8:57  Marine x2  
  163  8:58  Marine x2  
  159  9:07  SCV x3  
  154  9:13  Widow Mine  
  154  9:14  Marauder x3, Marine x2, Widow Mine  
  154  9:16  Marine x2  
  150  9:25  Medivac x2  
  150  9:27  Terran Infantry Armor Level 2  
  150  9:37  Ghost x2  
  138  9:42  Ghost  
  138  9:45  Marine x2  
  130  9:46  Marine  
  130  9:48  Marine  
  124  9:57  Widow Mine x2  
  122  10:01  Medivac x2  
  122  10:08  Marine x4  
  122  10:13  Ghost x2  
  128  10:14  Ghost  
  130  10:21  Terran Infantry Weapons Level 3  
  130  10:25  Marine  
  130  10:26  Marine x3  
  134  10:30  Widow Mine x2  
  138  10:37  Command Center  
  138  10:44  Marauder x2  
  138  10:45  Marauder  
  138  10:46  Medivac  
  138  10:47  Medivac  
  148  10:55  Marine x4  
  152  10:58  Widow Mine  
  152  10:59  Widow Mine  
  156  11:06  Marauder x3  
  162  11:13  Marine x4  
  162  11:16  Medivac  
  162  11:17  Medivac  
  140  11:36  Marauder, Marine x2  
  140  11:37  Marauder x2, Marine x2  
  140  11:39  Widow Mine x2  
  128  11:46  Medivac  
  127  11:47  Medivac  
  127  11:59  Marine x4  
  127  12:00  Ghost x2  
  135  12:01  Ghost  
  135  12:08  Widow Mine x2  
  131  12:10  SCV x3  
  129  12:17  Medivac x2  
  128  12:25  Marine x3  
  128  12:26  Marine  
  125  12:30  Marauder x2  
  125  12:31  Marauder  
  125  12:36  Widow Mine x2  
  129  12:51  Marauder x2  
  129  12:52  Marauder  
  129  12:53  Marine x4  
Show
View Real Time Build Order
Export as new Build Order

Zest Protoss - Winner!

Build Orders: 1 Gate Expand, Double Forge, Blink Stalkers 

Get SALT Encoding   

  12  0:00  Probe  
  13  0:13  Probe  
  14  0:17  Pylon  
  14  0:23  Probe  
  15  0:29  Probe  
  15  0:37  Gateway  
  15  0:39  Probe  
  17  0:46  Assimilator  
  17  0:51  Probe  
  18  1:03  Probe  
  19  1:15  Probe  
  20  1:23  Nexus  
  20  1:31  Cybernetics Core  
  20  1:35  Probe  
  21  1:40  Assimilator  
  21  1:47  Probe  
  21  1:49  Pylon  
  22  1:54  Stalker  
  22  1:59  Probe  
  23  2:08  Warp Gate  
  25  2:11  Probe  
  26  2:17  Stalker  
  26  2:23  Probe  
  29  2:35  Probe  
  30  2:37  Robotics Facility  
  30  2:38  Probe  
  31  2:47  Probe  
  31  2:50  Probe  
  33  2:59  Probe  
  33  3:03  Probe  
  33  3:04  Twilight Council  
  35  3:09  Probe  
  35  3:12  Probe  
  36  3:14  Observer  
  36  3:15  Gateway  
  36  3:17  Probe  
  36  3:19  Gateway  
  37  3:24  Probe  
  40  3:28  Probe  
  40  3:32  Pylon  
  41  3:34  Probe  
  41  3:36  Probe  
  41  3:41  Blink  
  43  3:43  Probe  
  44  3:48  Probe  
  44  3:51  Assimilator  
  44  3:53  Observer  
  44  3:55  Probe  
  47  4:01  Probe  
  48  4:06  Nexus  
  48  4:10  Pylon  
  48  4:19  Observer  
  48  4:23  Stalker x2  
  53  4:27  Pylon  
  53  4:28  Stalker  
  53  4:29  Probe x2  
  57  4:36  Observer  
  57  4:39  Forge x2  
  57  4:41  Probe  
  57  4:42  Probe  
  57  4:43  Observer  
  60  4:47  Probe  
  60  4:48  Probe  
  60  4:54  Observer  
  60  4:55  Probe  
  60  4:56  Probe  
  63  5:04  Gateway x2  
  63  5:05  Protoss Ground Armor Level 1, Protoss Ground Weapons Level 1  
  63  5:06  Gateway  
  64  5:08  Gateway  
  64  5:19  Gateway  
  64  5:21  Probe  
  64  5:22  Probe  
  64  5:24  Probe  
  64  5:28  Pylon  
  67  5:29  Sentry x2  
  67  5:33  Probe  
  67  5:34  Probe  
  73  5:36  Probe  
  73  5:39  Pylon  
  74  5:42  Pylon  
  74  5:43  Charge  
  74  5:45  Probe  
  74  5:46  Probe  
  76  5:52  Probe  
  76  5:55  Assimilator  
  76  5:56  Assimilator  
  77  6:05  Probe  
  77  6:06  Probe  
  77  6:07  Zealot, Sentry  
  77  6:08  Zealot x4  
  77  6:09  Probe  
  92  6:27  Probe x3  
  92  6:29  Pylon  
  92  6:30  Pylon  
  92  6:31  Observer  
  95  6:41  Pylon  
  95  6:44  Pylon  
  95  6:45  Stalker x7  
  109  6:48  Shield Battery  
  109  6:50  Stalker  
  109  6:51  Shield Battery  
  112  6:54  Observer  
  112  6:55  Nexus  
  112  6:56  Protoss Ground Weapons Level 2  
  112  6:57  Protoss Ground Armor Level 2  
  112  7:10  Zealot x7  
  120  7:17  Stalker  
  122  7:23  Warp Prism  
  122  7:35  Probe x2  
  126  7:42  Probe  
  125  7:44  Templar Archives  
  125  7:47  Assimilator, Probe  
  125  7:50  Psionic Storm  
  125  7:51  Assimilator, Probe  
  126  7:54  Probe  
  126  7:56  Photon Cannon  
  126  7:58  Pylon  
  128  7:59  Probe  
  128  8:03  Probe  
  128  8:04  Zealot x5  
  140  8:08  Gateway  
  140  8:10  Gateway  
  140  8:12  Gateway, Pylon  
  140  8:14  Gateway  
  140  8:17  Nexus  
  140  8:26  High Templar x2  
  144  8:27  High Templar x2  
  144  8:31  Archon  
  148  8:42  Pylon  
  148  8:43  Photon Cannon  
  148  8:46  Shield Battery  
  148  8:47  Photon Cannon  
  148  8:49  High Templar x2, Zealot x2, Shield Battery  
  156  8:55  Archon  
  143  9:04  Stalker  
  143  9:05  Stalker x3  
  143  9:07  Protoss Ground Weapons Level 3, Protoss Ground Armor Level 3  
  139  9:16  Zealot x2  
  140  9:21  Zealot x2, Archon  
  140  9:22  Zealot x2  
  136  9:25  Probe x3  
  119  9:33  Stalker x3  
  110  9:48  Probe x5  
  111  9:54  Stalker x5  
  117  10:00  Probe  
  117  10:02  Stalker x3  
  120  10:09  Pylon  
  120  10:14  Pylon  
  120  10:15  Probe x3  
  123  10:24  High Templar  
  123  10:25  High Templar x2  
  123  10:27  Probe x4  
  133  10:29  Assimilator, Observer  
  133  10:30  High Templar  
  133  10:31  Immortal  
  139  10:40  Probe x3  
  139  10:41  Probe  
  139  10:42  Probe  
  144  10:45  High Templar x2, Zealot x2  
  144  10:46  Zealot  
  154  10:52  Archon  
  154  10:53  Zealot x3  
  160  10:58  Zealot x2  
  164  11:15  Stalker x5  
  164  11:16  Stalker  
  150  11:36  Observer  
  146  11:45  Stalker x4  
  145  12:04  Probe x2  
  145  12:05  Probe x2  
  145  12:08  High Templar, Probe  
  141  12:09  High Templar x3, Zealot x8  
  141  12:12  Probe x4  
  148  12:30  Warp Prism  
  148  12:33  Zealot x5  
  148  12:34  Zealot x3  
  160  12:55  Zealot x3, Sentry x3  
  160  12:56  Zealot x3  
Tags
 
Add a new tag
Caveats
  • Supply blocks, unpowered buildings, or Contaminate may cause inaccurate times.
  • Supply counts are checked every 10 seconds.